 Dungeon Crawl Stone Soup version 0.32-a0-418-g34023cf50c (webtiles) character file.

Game seed: 8124387936650579409

523028 Gargoyl the Slayer (level 25, -9/146 (160) HPs)
             Began as a Gargoyle Berserker on Feb 21, 2024.
             Was an Elder of Trog.
             Killed by the air
             ... invoked by a blizzard demon
              (13 damage)
             ... on level 10 of a ziggurat.
             The game lasted 01:35:17 (55652 turns).

Gargoyl the Slayer (Gargoyle Berserker)            Turns: 55652, Time: 01:35:18

HP:   -9/146 (160)  AC: 57    Str: 35    XL:     25   Next: 36%
MP:   9/23          EV: 14    Int: 13    God:    Trog [****..]
Gold: 4482          SH: 25    Dex: 22    Spells: 24/24 levels left

rFire   + . .        U - +5 broad axe (flame)
rCold   + + .        M - +2 kite shield {AC+3}
rNeg    + . .        R - +8 orange crystal plate armour {Archmagi, Int+3 Clar}
rPois   ∞            p - +2 helmet {SInv}
rElec   +            z - +0 cloak of Weightlessness {rC+ Int+3 Dex+2 Stlth+}
rCorr   +            P - +0 pair of gloves of Dramatic Exits {Regen+ Stlth+}
SInv    +            N - +3 pair of mountain boots {steadfast, rC+}
Will    +....        Q - amulet of reflection Stlth
                     q - ring of resist corrosion
HPRegen 1.24/turn    Z - ring "Fulecof" {rPois rF+ Str+6 Dex+2}
MPRegen 0.18/turn

%: reflection, clarity, archmagi
@: weakened, magic-sapped, corroded, on berserk cooldown, flying, slowed,
studying 2 skills, drained, very slow
A: sickness immunity, AC +19, big wings, negative energy resistance 1,
electricity resistance, torment resistance 1, petrification resistance,
iridescent scales 1, agile 1, frail 1, strong 1, inability to drink after injury
1, inability to read after injury 2
}: 3/15 runes: serpentine, barnacled, silver
a: Renounce Religion, Berserk, Trog's Hand, Brothers in Arms


You were on level 10 of a ziggurat.
You worshipped Trog.
Trog was greatly pleased with you.
You visited 9 branches of the dungeon, and saw 44 of its levels.
You visited 1 ziggurat, and saw 10 of its levels.
You also visited: Sewer and Ice Cave.

You collected 7956 gold pieces.
You spent 3474 gold pieces at shops.

Inventory:

Hand Weapons
 h - a +3 war axe of venom
 A - a +1 hand axe of electrocution
 U - a +5 broad axe of flaming (weapon)
Missiles
 a - 5 curare-tipped darts
 v - 46 poisoned darts (quivered)
Armour
 p - a +2 helmet of see invisible (worn)
 z - the +0 cloak of Weightlessness (worn) {rC+ Int+3 Dex+2 Stlth+}
   (You bought it in a shop on level 2 of the Orcish Mines)

   Int+3:     It affects your intelligence (+3).
   Dex+2:     It affects your dexterity (+2).
   rC+:       It protects you from cold.
   Stlth+:    It makes you more stealthy.
 M - a +2 kite shield of protection (worn)
 N - the +3 pair of mountain boots (worn) {steadfast, rC+}
   (You bought it in a shop on level 3 of the Vaults)

   Steadfast: It prevents involuntary movement, except for blinking,
   teleportation, or banishment.
   rC+:       It protects you from cold.
 P - the +0 pair of gloves of Dramatic Exits (worn) {Regen+ Stlth+}
   (You found it on level 4 of the Snake Pit)

   Regen+:    It increases your rate of health regeneration.
   Stlth+:    It makes you more stealthy.
 R - the +8 orange crystal plate armour (worn) {Archmagi, Int+3 Clar}
   (You found it on level 4 of the Vaults)

   Int+3:     It affects your intelligence (+3).
   Clar:      It protects you from confusion, rage, mesmerisation and fear.
Jewellery
 q - a ring of resist corrosion (left hand)
 C - a ring of protection from fire
 D - a +6 ring of dexterity
 Q - an amulet of reflection (around neck)
 V - a +5 ring of evasion
 X - an amulet of regeneration
 Z - the ring "Fulecof" (right hand) {rPois rF+ Str+6 Dex+2}
   (You found it on level 5 of the Vaults)

   [ring of strength]

   Str+6:     It affects your strength (+6).
   Dex+2:     It affects your dexterity (+2).
   rF+:       It protects you from fire.
   rPois:     It protects you from poison
Wands
 l - a wand of roots (7)
 x - a wand of mindburst (9)
 K - a wand of digging (8)
 O - a wand of paralysis (8)
Scrolls
 e - a scroll of enchant armour
 g - 36 scrolls of identify
 m - 6 scrolls of fog
 n - 8 scrolls of poison
 o - 2 scrolls of silence
 r - 8 scrolls of revelation
 t - 20 scrolls of teleportation
 u - a scroll of immolation
 y - 4 scrolls of blinking
 B - 2 scrolls of brand weapon
 H - a scroll of vulnerability
 L - 4 scrolls of fear
Potions
 c - 6 potions of haste
 d - 21 potions of curing
 f - 12 potions of heal wounds
 i - 8 potions of enlightenment
 k - 4 potions of ambrosia
 s - 7 potions of cancellation
 w - a potion of experience
 E - 5 potions of resistance
 F - 3 potions of mutation
 I - 8 potions of might
 J - 3 potions of magic
 S - 4 potions of invisibility
 W - a potion of lignification
Miscellaneous
 b - a phial of floods
 j - a phantom mirror
 G - a lightning rod (4/4)
 T - a sack of spiders


   Skills:
 + Level 24.1 Fighting
 + Level 22.4(22.5) Axes
 + Level 3.8(15.3) Polearms
 + Level 0.5 Throwing
 + Level 17.0 Armour
 + Level 11.0 Dodging
 + Level 8.0 Stealth
 + Level 23.0 Shields
 + Level 0.1 Unarmed Combat


You had 24 spell levels left.
You didn't know any spells.
Your spell library was empty.

Dungeon Overview and Level Annotations

Branches:
Dungeon (15/15)            Temple (0/1) D:6            Lair (5/5) D:10
 Shoals (4/4) Lair:3        Snake (4/4) Lair:2        Slime (5/5) Lair:4
    Orc (2/2) D:11            Elf (0/3) Orc:2        Vaults (5/5) D:14
  Crypt (3/3) Vaults:2       Tomb (0/3) Crypt:3      Depths (1/4) D:15
  Sewer (visited)           IceCv (visited)

Altars:
Elyvilon
Fedhas
Kikubaaqudgha
Nemelex Xobeh
Okawaru
Sif Muna
Uskayaw
Wu Jian
Yredelemnul
The Shining One
Beogh
Jiyva

Shops:
Orc:1 *=   Orc:2 !*[[*   Shoals:3 [   Snake:3 =[*?   Vaults:3 [[

Portals:
Abyss: Depths:1
Pandemonium: Depths:1
Trove: Vaults:3 (give 8 scrolls of fog)

Annotations:
D:15 2 transporters
Lair:1 2 transporters
Slime:5 Royal Jelly


Innate Abilities, Weirdness & Mutations

You are immune to sickness and miasma.
Your stone body is resilient. (AC +19)
You are immune to poison.
Your large and strong wings let you fly.
You resist negative energy. (rN+)
You are resistant to electric shocks. (rElec)
You are resistant to unholy torment.
You are immune to petrification.
You are partially covered in iridescent scales. (AC +2)
You are agile. (Dex +4, Str/Int -1)
You are frail. (-10% HP)
Your muscles are strong. (Str +4, Int/Dex -1)
You occasionally lose the ability to drink potions when taking damage.
You sometimes lose the ability to read scrolls when taking damage.


Message History

Muotoss tramples you!
* * * LOW HITPOINT WARNING * * *
You hold your ground!
You feel as though you will be weak longer.
The demonspawn black sun barely misses you.
The Tzitzimitl calls on the powers of darkness!
The rockslime convulses!
Your body is wracked with pain!
* * * LOW HITPOINT WARNING * * *
The acid blob convulses!
The rockslime convulses!
The acid blob convulses!
The sphinx convulses! x2
The demonspawn corrupter mumbles some strange prayers to Lugonu against you.
The entropic weave corrodes you!
The demonspawn black sun hits you with a +0 dire flail!
* * * LOW HITPOINT WARNING * * *
You feel as though you will be weak longer.
The demonspawn warmonger hits you but does no damage.
The demonspawn warmonger claws you.
* * * LOW HITPOINT WARNING * * *
You feel as though you will be weak longer.
The demonspawn warmonger closely misses you.
Blink to where?
Press: ? - help, Dir - move target
As you read the scroll of blinking, it crumbles to dust.
The demonspawn corrupter mumbles some strange prayers to Lugonu against you.
The entropic weave corrodes you!
The demonspawn black sun mumbles some strange prayers to Kikubaaqudgha against you.
The bolt of negative energy misses the demonspawn corrupter.
The bolt of negative energy hits the orange demon.
The orange demon completely resists.
The bolt of negative energy misses Muotoss.
The bolt of negative energy hits you. You partially resist.
You feel drained.
* * * LOW HITPOINT WARNING * * *
Your skin stops crawling.
You feel less strong-willed.
The rockslime disappears in a puff of smoke!
You block Muotoss's attack. Muotoss closely misses you.
The demonspawn corrupter invokes the aid of Lugonu against you.
The entropic weave corrodes you!
The blizzard demon waves its arms in wide circles.
The air twists around and strikes you!
You die...

▓▓▓▓▓▓▓▓▓▓▓
▓▓.........▓▓
▓▓...........▓▓
▓▓...2.........▓▓
▓▓)?.............▓
▓▓∩?H.6H...........
▓?>?4.66..........∩
▓@&JJ1.6..........
▓▓|J...M.........▓
▓▓.6...........▓▓
▓▓...........▓▓
▓▓.........▓▓
▓▓▓▓▓▓▓▓▓▓▓


You could see Muotoss (berserk, black mark), a demonspawn warmonger (black
mark), a Tzitzimitl (black mark), 2 acid blobs, 2 demonspawn corrupters, 2
demonspawn black suns, 2 sphinxes, a blizzard demon (black mark), a mummy priest
(summoned), a rockslime (summoned) and an orange demon (berserk, black mark).

Vanquished Creatures
  A dread lich (Crypt:3)
  An ancient lich (Vaults:5)
  2 pandemonium lords
  Boris (Crypt:3)
  2 golden dragons
  2 bone dragons
  A Brimstone Fiend (Zig:6)
  3 tentacled monstrosities
  2 Hell Sentinels (Zig:7)
  4 liches
  5 titans
  25 acid blobs
  Mlioglotl (Shoals:3)
  Asterion (Snake:1)
  3 searing wretches (Zig:5)
  2 ancient champions
  Polyphemus (Shoals:3)
  A kraken (Shoals:3)
  9 sphinxes
  Gastronok (Lair:3)
  Frances (Shoals:1)
  2 shadow dragons (Vaults:4)
  3 storm dragons
  3 tengu reavers
  Donald (Shoals:4)
  3 revenants
  8 rockslimes
  5 nagarajas
  9 azure jellies
  A draconian knight (Zig:2)
  2 quicksilver elementals (Zig:7)
  A demonspawn warmonger (Zig:10)
  2 fire giants
  13 vault wardens
  A draconian scorcher (Zig:4)
  4 iron dragons
  A juggernaut zombie (Crypt:3)
  A deep elf sorcerer (Vaults:4)
  2 frost giants
  A cacodemon (Zig:10)
  2 reapers
  2 ghost moths (Zig:9)
  14 quicksilver oozes
  2 caustic shrike zombies
  2 ghouls (Crypt:2)
  A curse skull (Crypt:1)
  An orc warlord (Vaults:1)
  7 stone giants
  21 ironbound preservers
  6 ironbound thunderhulks
  2 very ugly things
  The ghost of Ycul the Severer, a journeyman HOFi of Nemelex Xobeh (Lair:3)
  A deep elf death mage (Vaults:5)
  6 formless jellyfish
  A black draconian (Zig:2)
  A demonspawn black sun (Zig:3)
  5 vampire knights
  A minotaur (Shoals:4)
  The ghost of kirsanium the Carver, a journeyman GnCA of Ignis (Lair:2)
  5 war gargoyles
  A spark wasp (Zig:9)
  2 dire elephants (Vaults:1)
  2 eidola
  A blizzard demon (Depths:1)
  An iron golem (Zig:7)
  A green death (Zig:10)
  3 merfolk impalers
  4 crystal guardians
  17 yaktaur captains
  2 merfolk javelineers
  2 entropy weavers
  3 ettins
  Josephine (D:12)
  An entropy weaver (shapeshifter) (D:9)
  9 jiangshi
  2 deep elf high priests (Vaults:5)
  30 vault guards
  Fannar (D:12)
  8 great orbs of eyes
  3 salamander tyrants
  2 peacekeepers
  6 hydras
  A jorogumo (Zig:9)
  2 hell beasts
  13 ironbound frosthearts
  3 ogre magi
  An anaconda (shapeshifter) (Vaults:4)
  5 two-headed ogres
  The ghost of Muffindrake the Geomancer, a novice DrEE of Xom (D:9)
  11 naga warriors
  12 anacondas
  10 centaur warriors
  4 death knights
  10 satyrs (Shoals:4)
  6 dancing weapons
  4 catoblepae
  4 merfolk avatars
  An Orb Guardian skeleton (Crypt:1)
  A stoker (Zig:5)
  A two-headed ogre (shapeshifter) (D:14)
  A thrashing horror (Zig:8)
  3 orc high priests (Orc:2)
  9 boulder beetles
  22 death yaks
  3 deep troll shamans
  3 tengu warriors
  A demonic crawler (Zig:9)
  3 deep troll earth magi
  6 vampire magi
  18 naga sharpshooters
  A sun demon (Zig:6)
  A crystal echidna (Zig:7)
  8 shock serpents
  6 hell knights (Crypt:3)
  Nergalle (Lair:2)
  2 wretched stars (Zig:8)
  Sonja (Lair:3)
  A spectral yaktaur (Vaults:2)
  A skyshark (shapeshifter) (Vaults:1)
  3 skysharks
  An iron troll (Depths:1)
  2 soul eaters (Crypt:1)
  27 skeletal warriors
  A deep elf knight (D:14)
  4 salamander mystics
  18 sea snakes
  3 flayed ghosts (Crypt:2)
  66 deep trolls
  7 arcanists
  8 mana vipers
  2 shadow wraiths (Crypt:2)
  4 bog bodies
  An orb spider (Zig:9)
  An orb spider (shapeshifter) (Vaults:4)
  A glowing orange brain (D:12)
  A death drake (shapeshifter) (Vaults:4)
  A steelbarb worm (Zig:9)
  A deep troll (shapeshifter) (Vaults:4)
  16 phantasmal warriors
  3 deep elf pyromancers
  7 necromancers
  11 orc knights
  2 large abominations (Zig:8)
  3 naga ritualists
  10 lindwurms
  23 harpies
  A sphinx simulacrum (Vaults:2)
  9 salamanders
  21 ironbound convokers
  An eleionoma zombie (Crypt:2)
  A jorogumo zombie (Crypt:1)
  4 shining eyes
  35 ugly things
  A wolf spider (Zig:9)
  15 manticores
  18 fauns
  Maurice (D:12)
  4 orc sorcerers (Orc:2)
  A jorogumo skeleton (Crypt:2)
  7 merfolk sirens
  3 cyclopes
  19 vault sentinels
  A meliai (shapeshifter) (D:12)
  11 elephants
  5 guardian serpents
  A fire giant skeleton (Crypt:2)
  An ice statue (IceCv)
  A centaur zombie (Crypt:3)
  26 black mambas
  4 water nymphs
  A guardian serpent (shapeshifter) (Vaults:5)
  A titan simulacrum (Vaults:2)
  A black mamba (shapeshifter) (D:9)
  4 eyes of devastation
  11 naga magi
  3 smoke demons
  3 kobold blastminers (Orc:2)
  14 cane toads
  A water nymph (shapeshifter) (Vaults:4)
  A torpor snail (Zig:9)
  A cane toad (shapeshifter) (D:12)
  A hellion (Zig:5)
  An unseen horror (shapeshifter) (D:13)
  3 unseen horrors
  An iron troll zombie (Crypt:1)
  A purple draconian zombie (Crypt:1)
  Maggie (D:7)
  5 kobold demonologists
  A rime drake (shapeshifter) (D:12)
  10 rime drakes
  4 freezing wraiths
  A komodo dragon (shapeshifter) (D:8)
  3 efreet
  5 komodo dragons
  43 yaktaurs
  2 tormentors
  4 tengu conjurers
  5 harpy zombies (Crypt:3)
  6 trolls
  A yellow draconian skeleton (Crypt:2)
  A tengu simulacrum (Vaults:2)
  3 wind drakes
  A hellwing (Zig:3)
  A polar bear (shapeshifter) (D:9)
  10 polar bears
  Prince Ribbit (D:5)
  2 harpy skeletons (Crypt:3)
  22 merfolk
  A troll (shapeshifter) (Vaults:5)
  2 raiju (shapeshifter)
  25 blink frogs
  A hornet (D:8)
  3 glass eyes
  8 dream sheep
  2 fire dragon zombies (Crypt:3)
  15 snapping turtles
  A dream sheep (shapeshifter) (D:13)
  A jumping spider (Zig:9)
  A black mamba zombie (Crypt:2)
  An ettin skeleton (Crypt:3)
  110 slime creatures
  59 yaks
  12 wraiths
  2 vampires
  11 water elementals
  3 humans (D:14)
  4 basilisks
  2 steam dragons
  A spectral human (Vaults:2)
  3 wyverns
  23 golden eyes
  Grum (D:11)
  A warg (Orc:1)
  2 yaks (shapeshifter)
  4 neqoxecs
  A swamp worm (shapeshifter) (D:12)
  8 vampire mosquitoes
  Menkaure (D:6)
  3 redbacks
  37 nagas
  A skyshark zombie (Crypt:1)
  3 acid dragons
  19 water moccasins
  3 ice beasts
  A sky beast (D:7)
  19 orc warriors
  22 laughing skulls (Crypt:3)
  4 ogres
  4 black bears
  10 boggarts
  A hog zombie (Crypt:1)
  27 wolves
  15 centaurs
  A hog skeleton (Crypt:1)
  A brain worm (Sewer)
  4 kobold brigands
  2 scorpions (D:5)
  13 bullfrogs
  A gnoll sergeant (D:12)
  A scorpion (shapeshifter) (D:14)
  An ogre simulacrum (Vaults:2)
  14 wights
  A yak skeleton (Crypt:1)
  9 killer bees
  4 electric eels
  3 howler monkeys (D:14)
  7 jellies
  2 bombardier beetles (D:5)
  3 hounds
  16 starcursed masses (Zig:8)
  2 gnoll boudas
  21 orc priests
  3 iguanas
  28 orc wizards
  An ice beast zombie (Crypt:2)
  15 gnolls
  3 adders
  A shadow imp (D:5)
  2 white imps (D:6)
  2 ufetubi (D:7)
  4 dart slugs
  2 ribbon worms
  67 orcs
  4 ball pythons
  A bat zombie (Crypt:1)
  6 endoplasms
  2 giant cockroaches
  6 goblins
  3 hobgoblins
  3 jackals (D:1)
  22 kobolds
  3 quokkas
  15 bats
  9 frilled lizards
  A gnoll skeleton (Crypt:1)
  An orc skeleton (Crypt:2)
  5 rats
  A rat zombie (Crypt:1)
  A spectral kobold (D:2)
  A ball lightning (Zig:6)
  12 butterflies (Vaults:4)
  A spectral weapon (Snake:1)
  2 tentacles (Shoals:3)
1906 creatures vanquished.

Vanquished Creatures (collateral kills)
  A profane servitor (Zig:8)
  The ghost of tish the Metamorph, a veteran OpFi of Jiyva (Vaults:2)
  A rockslime (Slime:5)
  A formless jellyfish (Slime:4)
  A quicksilver ooze (Slime:5)
  The ghost of mn3067 the Grappler, a journeyman TrFi of Wu Jian (D:12)
  A dire elephant (Vaults:1)
  A fire dragon (D:8)
  A yaktaur captain (Vaults:1)
  A great orb of eyes (Slime:4)
  A salamander tyrant (Snake:4)
  A boulder beetle (Lair:3)
  A tengu warrior (D:8)
  A skeletal warrior (Crypt:1)
  A phantasmal warrior (Crypt:1)
  A deep elf pyromancer (D:8)
  A spectral elf (Vaults:2)
  2 ugly things
  A sphinx simulacrum (Vaults:2)
  A salamander (Snake:4)
  A naga mage (Snake:4)
  A large abomination (Zig:8)
  A yaktaur (Vaults:1)
  A spectral glowing shapeshifter (Vaults:2)
  A human simulacrum (Vaults:2)
  A yak (shapeshifter) (D:12)
  An elf simulacrum (Vaults:2)
  A wraith (Crypt:1)
  3 yaks (Lair:1)
  2 neqoxecs
  4 nagas
  4 starcursed masses (Zig:8)
  3 bullfrogs
45 creatures vanquished.

Vanquished Creatures (others)
  A demonspawn corrupter (Zig:6)
  A deep troll (Vaults:4)
  A will-o-the-wisp (Zig:4)
  A gnoll (D:12)
  2 ball lightnings (Zig:6)
  4 foxfires (Zig:4)
  2 tentacles (Shoals:3)
12 creatures vanquished.

Grand Total: 1963 creatures vanquished

Notes
Turn   | Place    | Note
-------+----------+-------------------------------------------
     0 | D:1      | Gargoyl the Gargoyle Berserker began the quest for the Orb.
     0 | D:1      | Reached XP level 1. HP: 14/14 MP: 1/1
   113 | D:1      | Reached XP level 2. HP: 18/19 MP: 2/2
   204 | D:1      | Reached XP level 3. HP: 20/24 MP: 3/3
   311 | D:1      | You fall into a shaft and drop 1 floor!
   333 | D:2      | Reached skill level 4 in Fighting
   334 | D:2      | Reached ** piety under Trog
   335 | D:2      | Reached XP level 4. HP: 16/29 MP: 4/4
  1322 | D:2      | Found a faded altar of an unknown god.
  1450 | D:2      | Reached XP level 5. HP: 15/34 MP: 5/5
  1619 | D:3      | Found a glowing drain.
  1633 | Sewer    | Entered a sewer
  1687 | Sewer    | Noticed Pargi
  1765 | D:3      | Reached XP level 6. HP: 39/39 MP: 6/6
  1826 | D:3      | Found a glowing golden altar of the Shining One.
  1886 | D:3      | Found a white marble altar of Elyvilon.
  2257 | D:3      | Found a shimmering blue altar of Sif Muna.
  2692 | D:3      | Reached skill level 5 in Axes
  2895 | D:4      | Reached *** piety under Trog
  2959 | D:4      | Reached skill level 5 in Fighting
  2963 | D:4      | Reached XP level 7. HP: 44/44 MP: 7/7
  3205 | D:4      | Reached skill level 1 in Stealth
  3601 | D:5      | Entered Level 5 of the Dungeon
  3653 | D:5      | Reached XP level 8. HP: 26/49 MP: 8/8
  3914 | D:5      | Noticed Prince Ribbit
  3941 | D:5      | Killed Prince Ribbit
  4522 | D:6      | Reached XP level 9. HP: 55/55 MP: 9/9
  4525 | D:6      | Reached skill level 5 in Armour
  4634 | D:6      | Found a staircase to the Ecumenical Temple.
  4634 | D:6      | Noticed a troll
  4648 | D:6      | Killed a troll
  4649 | D:6      | Reached skill level 6 in Fighting
  4944 | D:6      | Noticed Menkaure
  4951 | D:6      | Killed Menkaure
  5572 | D:7      | Reached skill level 7 in Fighting
  5723 | D:7      | Noticed Maggie
  5738 | D:7      | Killed Maggie
  6089 | D:8      | Reached XP level 10. HP: 63/63 MP: 7/10
  6091 | D:8      | Reached **** piety under Trog
  6463 | D:8      | Reached skill level 8 in Fighting
  6738 | D:8      | Noticed a cyan ugly thing
  6738 | D:8      | Noticed a deep elf pyromancer
  6738 | D:8      | Noticed an ogre mage
  6739 | D:8      | Found a runed translucent door.
  6741 | D:8      | Noticed a fire crab
  6741 | D:8      | Noticed an orc knight
  6741 | D:8      | Noticed a fire dragon
  6741 | D:8      | Noticed a harpy
  6741 | D:8      | Noticed a tengu warrior
  6871 | D:8      | Noticed a swamp dragon
  6871 | D:8      | a swamp dragon changed into a cane toad
  6871 | D:8      | Noticed a cane toad (shapeshifter)
  6882 | D:8      | Killed a deep elf pyromancer
  6883 | D:8      | Reached skill level 10 in Axes
  6886 | D:8      | Killed a fire dragon
  6887 | D:8      | Killed a cyan ugly thing
  6890 | D:8      | Killed a tengu warrior
  6891 | D:8      | Reached skill level 5 in Dodging
  6898 | D:8      | Reached XP level 11. HP: 69/69 MP: 7/11
  6911 | D:8      | Killed an orc knight
  6912 | D:8      | Reached skill level 9 in Fighting
  6915 | D:8      | Killed an ogre mage
  6929 | D:8      | Identified the +4 quarterstaff "Ceorheis" {drain, Will+}
  7994 | D:9      | Found a runed translucent gate.
  7995 | D:9      | Found a runed translucent gate.
  7995 | D:9      | Found a runed translucent gate.
  7996 | D:9      | Noticed a white ugly thing
  7996 | D:9      | Noticed a cyan ugly thing
  7997 | D:9      | Noticed a brown ugly thing
  7997 | D:9      | Noticed a cyan ugly thing
  7998 | D:9      | Noticed a purple ugly thing
  8049 | D:9      | Found a sparkling altar of Nemelex Xobeh.
  8532 | D:9      | Killed a red ugly thing
  8532 | D:9      | Killed a green ugly thing
  8540 | D:9      | Killed a red ugly thing
  8544 | D:9      | Killed a red ugly thing
  8548 | D:9      | Killed a red ugly thing
  8550 | D:9      | Found a runed translucent gate.
  8550 | D:9      | Found a runed translucent gate.
  8556 | D:9      | Found a runed translucent gate.
  8557 | D:9      | Noticed Muffindrake's ghost (novice DrEE)
  8563 | D:9      | a ribbon worm changed into a salamander
  8563 | D:9      | Noticed a salamander (shapeshifter)
  8645 | D:9      | Noticed a sun moth
  8660 | D:9      | Reached skill level 10 in Fighting
  8664 | D:9      | a sun moth changed into a skyshark
  8664 | D:9      | Noticed a skyshark (shapeshifter)
  8665 | D:9      | Gained mutation: You are occasionally teleported next to
                  | monsters. [a neqoxec]
  8876 | D:9      | Noticed an entropy weaver
  8892 | D:9      | Killed an entropy weaver
  8893 | D:9      | Reached XP level 12. HP: 77/77 MP: 7/12
  8893 | D:9      | Killed Muffindrake's ghost
  9068 | D:10     | Entered Level 10 of the Dungeon
  9093 | D:10     | Noticed a sun demon
  9103 | D:10     | HP: 2/78 [sun demon[a kobold demonologist] (5)]
  9607 | D:10     | Found a staircase to the Lair.
 10032 | Lair:1   | Entered Level 1 of the Lair of Beasts
 10076 | Lair:1   | Reached skill level 11 in Fighting
 10561 | Lair:1   | Found a transporter.
 10875 | Lair:1   | Found a transporter.
 11545 | Lair:2   | Noticed an eight-headed hydra
 11562 | Lair:2   | Killed an eight-headed hydra
 11565 | Lair:2   | Reached XP level 13. HP: 84/84 MP: 7/13
 11693 | Lair:2   | Reached skill level 1 in Polearms
 11697 | Lair:2   | Reached skill level 10 in Armour
 11919 | Lair:2   | Found a runed translucent door.
 11920 | Lair:2   | Noticed kirsanium's ghost (journeyman GnCA)
 12124 | Lair:2   | Noticed Nergalle
 12135 | Lair:2   | Killed Nergalle
 12324 | Lair:2   | Reached skill level 12 in Fighting
 12498 | Lair:2   | Found a staircase to the Snake Pit.
 12719 | Lair:2   | Killed kirsanium's ghost
 12997 | Lair:3   | Found a runed translucent door.
 13000 | Lair:3   | Noticed Ycul's ghost (journeyman HOFi)
 13006 | Lair:3   | Noticed Sonja
 13008 | Lair:3   | Found a hide-covered altar of Uskayaw.
 13017 | Lair:3   | Killed Sonja
 13019 | Lair:3   | Found an ornate altar of the Wu Jian Council.
 13209 | Lair:3   | Noticed Gastronok
 13231 | Lair:3   | Reached skill level 15 in Axes
 13239 | Lair:3   | Killed Gastronok
 13404 | Lair:3   | Identified the +0 scale mail of Eternity {Int+4 Stlth+}
 13419 | Lair:3   | Found a staircase to the Shoals.
 14070 | Lair:3   | Killed Ycul's ghost
 14071 | Lair:3   | Gained mutation: Your large and strong wings let you fly.
                  | [Gargoyle growth]
 14071 | Lair:3   | Reached XP level 14. HP: 55/92 MP: 9/14
 14225 | Lair:4   | Reached skill level 13 in Fighting
 14349 | Lair:4   | Found a viscous altar of Jiyva.
 14360 | Lair:4   | Found a staircase to the Slime Pits.
 15730 | Lair:5   | Entered Level 5 of the Lair of Beasts
 16413 | Lair:5   | Reached skill level 14 in Fighting
 16420 | Lair:5   | Reached ***** piety under Trog
 16784 | Lair:5   | Received a gift from Trog
 17069 | Lair:5   | Reached XP level 15. HP: 73/101 MP: 11/15
 18056 | D:11     | Noticed Grum
 18066 | D:11     | Killed Grum
 18490 | D:11     | Found a staircase to the Orcish Mines.
 18709 | D:12     | Noticed Josephine
 18724 | D:12     | Killed Josephine
 19121 | D:12     | Noticed Maurice
 19128 | D:12     | Maurice stole 510 gold
 19131 | D:12     | Noticed Fannar
 19133 | D:12     | Killed Maurice
 19152 | D:12     | Killed Fannar
 19477 | D:12     | Reached skill level 15 in Fighting
 19711 | D:12     | Found a runed translucent gate.
 19711 | D:12     | Found a runed translucent gate.
 19711 | D:12     | Found a runed translucent gate.
 19732 | D:12     | Reached skill level 1 in Shields
 19742 | D:12     | Found a runed translucent gate.
 19742 | D:12     | Found a runed translucent gate.
 19746 | D:12     | Found a runed translucent gate.
 19752 | D:12     | Noticed mn3067's ghost (journeyman TrFi)
 19814 | D:12     | Killed mn3067's ghost
 19824 | D:12     | Gained mutation: You are clumsy. (Dex -2) [mutagenic glow]
 19835 | D:12     | Gained mutation: You occasionally shout uncontrollably at
                  | your foes. [mutagenic glow]
 19845 | D:12     | Gained mutation: Your magical capacity is low. (-10% MP)
                  | [mutagenic glow]
 19858 | D:12     | Gained mutation: You are weak. (Str -2) [mutagenic glow]
 20630 | D:13     | Found a frozen archway.
 20639 | IceCv    | Entered an ice cave
 21155 | IceCv    | Noticed a frost giant
 21168 | IceCv    | Killed a frost giant
 21553 | D:13     | Reached XP level 16. HP: 109/109 MP: 14/14
 21703 | D:14     | Reached skill level 5 in Shields
 21918 | D:14     | Found a blossoming altar of Fedhas.
 22154 | D:14     | Reached skill level 16 in Fighting
 22772 | D:14     | Found a gate to the Vaults.
 23037 | D:15     | Entered Level 15 of the Dungeon
 23110 | D:15     | Found a hide-covered altar of Uskayaw.
 23276 | D:15     | Found a staircase to the Depths.
 23436 | D:15     | Found a transporter.
 23437 | D:15     | Found a transporter.
 23437 | D:15     | Found a transporter.
 23437 | D:15     | Found a sparkling altar of Nemelex Xobeh.
 23437 | D:15     | Noticed a juggernaut
 23569 | D:15     | Found a transporter.
 23570 | D:15     | Found a transporter.
 23605 | D:15     | Found a transporter.
 24013 | Orc:1    | Entered Level 1 of the Orcish Mines
 24013 | Orc:1    | Found Foufoi's Jewellery Shop.
 24121 | Orc:1    | Bought an amulet of regeneration for 390 gold pieces
 24142 | Orc:1    | Found Vuil's CLEARANCE SALE!.
 24609 | Orc:2    | Entered Level 2 of the Orcish Mines
 24643 | Orc:2    | Found a roughly hewn altar of Beogh.
 24801 | Orc:2    | Found a staircase to the Elven Halls.
 24814 | Orc:2    | Received a gift from Trog
 24861 | Orc:2    | Found Ctummomm's Commerce Corner.
 24966 | Orc:2    | Found Testrorie's Armour Emporium.
 24966 | Orc:2    | Found Kiff's Distillery.
 24978 | Orc:2    | Found Uvesm's Antique Armour Emporium.
 24978 | Orc:2    | Found Sosaal's Assorted Antiques.
 24993 | Orc:2    | Bought a +1 helmet of see invisible for 214 gold pieces
 25007 | Orc:2    | Bought a faintly glowing cloak for 228 gold pieces
 25007 | Orc:2    | Identified the +0 cloak of Weightlessness {rC+ Int+3 Dex+2
                  | Stlth+} (You bought it in a shop on level 2 of the Orcish
                  | Mines)
 25008 | Orc:2    | Bought a potion of mutation for 256 gold pieces
 25008 | Orc:2    | Bought a scroll of teleportation for 96 gold pieces
 25011 | Orc:2    | Bought a potion of heal wounds for 70 gold pieces
 25342 | Snake:1  | Entered Level 1 of the Snake Pit
 25440 | Snake:1  | Reached XP level 17. HP: 104/116 MP: 0/15
 25614 | Snake:1  | Reached skill level 17 in Fighting
 26494 | Snake:1  | Noticed Asterion
 26505 | Snake:1  | Killed Asterion
 26730 | Snake:2  | Reached skill level 5 in Stealth
 26730 | Snake:2  | Reached XP level 18. HP: 124/124 MP: 16/16
 26740 | Snake:2  | Identified the +4 battleaxe of Absolution {antimagic,
                  | Str+6} (Trog gifted it to you on level 2 of the Snake Pit)
 26740 | Snake:2  | Received a gift from Trog
 27718 | Snake:3  | Reached skill level 10 in Shields
 27910 | Snake:3  | Lost mutation: You occasionally shout uncontrollably at
                  | your foes. [potion of mutation]
 27910 | Snake:3  | Lost mutation: You are occasionally teleported next to
                  | monsters. [potion of mutation]
 27910 | Snake:3  | Lost mutation: You are weak. (Str -2) [potion of mutation]
 27910 | Snake:3  | Gained mutation: You are dopey. (Int -2) [potion of
                  | mutation]
 27910 | Snake:3  | Gained mutation: Armour fits poorly on your strangely
                  | shaped body. [potion of mutation]
 27911 | Snake:3  | Lost mutation: Armour fits poorly on your strangely shaped
                  | body. [potion of mutation]
 27911 | Snake:3  | Lost mutation: You are dopey. (Int -2) [potion of mutation]
 27911 | Snake:3  | Lost mutation: Your magical capacity is low. (-10% MP)
                  | [potion of mutation]
 27911 | Snake:3  | Gained mutation: You are partially covered in iridescent
                  | scales. (AC +2) [potion of mutation]
 27912 | Snake:3  | Lost mutation: You are partially covered in iridescent
                  | scales. (AC +2) [potion of mutation]
 27912 | Snake:3  | Lost mutation: You are clumsy. (Dex -2) [potion of
                  | mutation]
 27912 | Snake:3  | Gained mutation: You are weak. (Str -2) [potion of
                  | mutation]
 27912 | Snake:3  | Gained mutation: You have hidden genetic defects. [potion
                  | of mutation]
 27912 | Snake:3  | Gained mutation: You are partially covered in iridescent
                  | scales. (AC +2) [potion of mutation]
 27912 | Snake:3  | Gained mutation: Your skin changes colour to match your
                  | surroundings (Stealth+). [potion of mutation]
 27913 | Snake:3  | Lost mutation: You are weak. (Str -2) [potion of mutation]
 27913 | Snake:3  | Lost mutation: Your skin changes colour to match your
                  | surroundings (Stealth+). [potion of mutation]
 27913 | Snake:3  | Gained mutation: You occasionally lose the ability to drink
                  | potions when taking damage. [potion of mutation]
 27913 | Snake:3  | Gained mutation: You have a pair of small antennae on your
                  | head. [potion of mutation]
 27914 | Snake:3  | Lost mutation: You occasionally lose the ability to drink
                  | potions when taking damage. [potion of mutation]
 27914 | Snake:3  | Lost mutation: You are partially covered in iridescent
                  | scales. (AC +2) [potion of mutation]
 27914 | Snake:3  | Gained mutation: Your spells are a little harder to cast,
                  | but a little more powerful. [potion of mutation]
 27914 | Snake:3  | Gained mutation: You are partially covered in iridescent
                  | scales. (AC +2) [potion of mutation]
 27915 | Snake:3  | Lost mutation: You have hidden genetic defects. [potion of
                  | mutation]
 27915 | Snake:3  | Lost mutation: You have a pair of small antennae on your
                  | head. [potion of mutation]
 27915 | Snake:3  | Lost mutation: Your spells are a little harder to cast, but
                  | a little more powerful. [potion of mutation]
 27915 | Snake:3  | Gained mutation: You are agile. (Dex +4, Str/Int -1)
                  | [potion of mutation]
 27915 | Snake:3  | Gained mutation: Your muscles are strong. (Str +4, Int/Dex
                  | -1) [potion of mutation]
 28086 | Snake:3  | Found Kyfrimer's Jewellery Shoppe.
 28087 | Snake:3  | Found Daasoz's General Store.
 28087 | Snake:3  | Found Ziali's Armour Shoppe.
 28105 | Snake:3  | Found Felar's Magic Scroll Emporium.
 28109 | Snake:3  | Bought an amulet of reflection for 450 gold pieces
 28154 | Snake:3  | Bought a scroll of teleportation for 54 gold pieces
 28154 | Snake:3  | Bought a scroll of brand weapon for 171 gold pieces
 28154 | Snake:3  | Bought a scroll of fear for 72 gold pieces
 28154 | Snake:3  | Bought a scroll of blinking for 135 gold pieces
 28994 | Snake:4  | Entered Level 4 of the Snake Pit
 29334 | Snake:4  | Identified the +0 pair of gloves of Dramatic Exits {Regen+
                  | Stlth+}
 29485 | Snake:4  | Identified the +0 leather armour of Incorporation {rPois
                  | rC++}
 29592 | Snake:4  | Reached skill level 18 in Fighting
 29835 | Snake:4  | Reached XP level 19. HP: 130/130 MP: 19/19
 29864 | Snake:4  | Received a gift from Trog
 30473 | Snake:4  | Found an iron altar of Okawaru.
 30509 | Snake:4  | Got a serpentine rune of Zot
 30856 | Vaults:1 | Entered Level 1 of the Vaults
 31696 | Vaults:1 | Reached skill level 10 in Dodging
 32335 | Vaults:1 | Reached skill level 19 in Fighting
 32447 | Vaults:1 | Reached XP level 20. HP: 139/139 MP: 20/20
 33294 | Vaults:2 | Identified the +0 pair of boots "Ginla" {rPois Will- Str+3
                  | Dex+5}
 33478 | Vaults:2 | Found a staircase to the Crypt.
 33478 | Vaults:2 | Found a basalt altar of Yredelemnul.
 33479 | Vaults:2 | Found an ancient bone altar of Kikubaaqudgha.
 33634 | Vaults:2 | Received a gift from Trog
 33789 | Vaults:2 | Identified a scroll of acquirement
 33821 | Vaults:2 | Found a runed translucent gate.
 33821 | Vaults:2 | Found a runed translucent gate.
 33821 | Vaults:2 | Found a runed translucent gate.
 34039 | Vaults:2 | Noticed tish's ghost (veteran OpFi)
 34065 | Vaults:2 | Killed tish's ghost
 34085 | Vaults:2 | Acquired 806 gold pieces
 34254 | Vaults:3 | Found Xasm's Antique Armour Shoppe.
 34444 | Vaults:3 | Found a portal to a secret trove of treasure.
 34525 | Vaults:3 | Reached skill level 15 in Shields
 34675 | Vaults:3 | Received a gift from Trog
 35041 | Vaults:3 | Found Ofyinu Udufi's Armour Boutique.
 35060 | Vaults:3 | Reached skill level 20 in Fighting
 35098 | Vaults:3 | Bought the +3 pair of mountain boots {steadfast, rC+} for
                  | 703 gold pieces
 35098 | Vaults:3 | Found the +3 pair of mountain boots {steadfast, rC+}
 35608 | Vaults:4 | Received a gift from Trog
 35614 | Vaults:4 | Reached XP level 21. HP: 146/146 MP: 21/21
 37071 | Vaults:4 | Received a gift from Trog
 37355 | Vaults:4 | Found a huge runed translucent gate.
 37355 | Vaults:4 | Found a huge runed translucent gate.
 37355 | Vaults:4 | Found a huge runed translucent gate.
 37355 | Vaults:4 | Found a huge runed translucent gate.
 37355 | Vaults:4 | Found a huge runed translucent gate.
 37355 | Vaults:4 | Found a huge runed translucent gate.
 37355 | Vaults:4 | Found a huge runed translucent gate.
 37355 | Vaults:4 | Found a huge runed translucent gate.
 37355 | Vaults:4 | Found a huge runed translucent gate.
 37356 | Vaults:4 | Found a huge runed translucent gate.
 37356 | Vaults:4 | Found a huge runed translucent gate.
 37356 | Vaults:4 | Found a huge runed translucent gate.
 37356 | Vaults:4 | Found a huge runed translucent gate.
 37357 | Vaults:4 | Found a huge runed translucent gate.
 37358 | Vaults:4 | Found a huge runed translucent gate.
 37358 | Vaults:4 | Found a huge runed translucent gate.
 37358 | Vaults:4 | Found a huge runed translucent gate.
 37360 | Vaults:4 | Found a huge runed translucent gate.
 37361 | Vaults:4 | Found a huge runed translucent gate.
 37362 | Vaults:4 | Found a huge runed translucent gate.
 37362 | Vaults:4 | Found a huge runed translucent gate.
 37367 | Vaults:4 | Found a huge runed translucent gate.
 37368 | Vaults:4 | Found a huge runed translucent gate.
 37368 | Vaults:4 | Found a huge runed translucent gate.
 37368 | Vaults:4 | Found a huge runed translucent gate.
 37368 | Vaults:4 | Found a huge runed translucent gate.
 37370 | Vaults:4 | Found a huge runed translucent gate.
 37371 | Vaults:4 | Found a huge runed translucent gate.
 37372 | Vaults:4 | Found a huge runed translucent gate.
 37372 | Vaults:4 | Found a huge runed translucent gate.
 37377 | Vaults:4 | Found a huge runed translucent gate.
 37378 | Vaults:4 | Found a huge runed translucent gate.
 37378 | Vaults:4 | Found a huge runed translucent gate.
 37378 | Vaults:4 | Found a huge runed translucent gate.
 37378 | Vaults:4 | Found a huge runed translucent gate.
 37380 | Vaults:4 | Found a huge runed translucent gate.
 37577 | Vaults:4 | Found the +8 orange crystal plate armour {Archmagi, Int+3
                  | Clar}
 38115 | Snake:3  | Bought a ring of protection from fire for 375 gold pieces
 38513 | Vaults:5 | Entered Level 5 of the Vaults
 38942 | Vaults:5 | Noticed a golden dragon
 39076 | Vaults:4 | Killed a golden dragon
 40089 | Vaults:5 | Identified the amulet "Gavoj" {Faith Harm rF- rCorr Int+3}
 40102 | Vaults:4 | Reached skill level 15 in Armour
 40149 | Vaults:4 | Received a gift from Trog
 40203 | Vaults:5 | Identified the ring of the Median {rElec rPois rN+ Stlth+}
 40354 | Vaults:4 | Reached skill level 21 in Fighting
 40470 | Vaults:4 | Reached XP level 22. HP: 155/155 MP: 22/22
 40801 | Vaults:4 | Paralysed by a sphinx for 4 turns
 41412 | Vaults:5 | Reached ****** piety under Trog
 41497 | Vaults:5 | Noticed an ancient lich
 41517 | Vaults:5 | Killed an ancient lich
 41533 | Vaults:5 | Identified the +6 battleaxe of Armageddon {drain, *Noise
                  | rElec rC+ Int+3}
 41603 | Vaults:5 | Received a gift from Trog
 41612 | Vaults:5 | Noticed a golden dragon
 41628 | Vaults:5 | Killed a golden dragon
 41680 | Vaults:5 | Found the +27 heavy crossbow "Sniper" {heavy, Acc+∞ SInv}
 41745 | Vaults:5 | Identified the ring "Fulecof" {rPois rF+ Str+6 Dex+2}
 41768 | Vaults:5 | Got a silver rune of Zot
 41799 | Vaults:5 | Identified the +6 quarterstaff "Neecrul" {elec, rPois rF+
                  | Int+3}
 42765 | Shoals:1 | Entered Level 1 of the Shoals
 43009 | Shoals:1 | Identified the +8 flail "Fasaepn" {protect, ^Drain Fly rC+
                  | Dex+7}
 43225 | Shoals:1 | Noticed Frances
 43241 | Shoals:1 | Killed Frances
 43422 | Shoals:1 | Identified the ring "Sibadede" {rC+ rN++}
 44479 | Shoals:3 | Noticed Mlioglotl
 44483 | Shoals:3 | Gained mutation: You are frail. (-10% HP) [a neqoxec]
 44496 | Shoals:3 | Killed Mlioglotl
 44713 | Shoals:3 | Found Qeitosupp's Armour Emporium.
 44929 | Shoals:3 | Noticed Polyphemus
 44946 | Shoals:3 | Received a gift from Trog
 44955 | Shoals:3 | Killed Polyphemus
 45294 | Shoals:4 | Entered Level 4 of the Shoals
 45297 | Shoals:4 | Noticed Donald
 45314 | Shoals:4 | Killed Donald
 45381 | Shoals:4 | Reached XP level 23. HP: 137/144 MP: 23/23
 45420 | Shoals:4 | Paralysed by a sphinx for 3 turns
 45510 | Shoals:4 | Reached skill level 22 in Fighting
 45674 | Shoals:4 | Identified the amulet "Moifro Nao" {Acrobat +Blink Will+
                  | Stlth+}
 45743 | Shoals:4 | Received a gift from Trog
 45781 | Shoals:4 | Identified the amulet "Pisius" {Faith ^Drain rN+++ Int+4
                  | Slay-3}
 45812 | Shoals:4 | Got a barnacled rune of Zot
 45814 | Shoals:4 | Identified the staff of Dioddedu {+Blink rElec rC+ Will+
                  | Air}
 46224 | Slime:1  | Entered Level 1 of the Pits of Slime
 46445 | Orc:1    | Bought a ring of resist corrosion for 260 gold pieces
 47753 | Slime:3  | Gained mutation: You occasionally lose the ability to read
                  | scrolls when taking damage. [a shining eye]
 47981 | Slime:3  | Gained mutation: You sometimes lose the ability to read
                  | scrolls when taking damage. [a shining eye]
 48428 | Slime:4  | Received a gift from Trog
 48973 | Slime:5  | Entered Level 5 of the Pits of Slime
 49996 | Slime:4  | Received a gift from Trog
 50413 | Slime:5  | Gained mutation: You occasionally lose the ability to drink
                  | potions when taking damage. [a shining eye]
 50421 | Slime:5  | Noticed the Royal Jelly
 50423 | Slime:5  | Reached XP level 24. HP: 153/153 MP: 23/23
 51110 | Crypt:1  | Entered Level 1 of the Crypt
 51273 | Crypt:1  | Reached skill level 23 in Fighting
 51602 | Crypt:1  | Received a gift from Trog
 52738 | Crypt:2  | Paralysed by a vampire knight for 3 turns
 52749 | Crypt:2  | Paralysed by a vampire knight for 2 turns
 53214 | Crypt:3  | Entered Level 3 of the Crypt
 53576 | Crypt:3  | Received a gift from Trog
 53603 | Crypt:3  | Found a basalt altar of Yredelemnul.
 53604 | Crypt:3  | Noticed a dread lich
 53613 | Crypt:3  | Killed a dread lich
 53652 | Crypt:3  | Identified the ring "Ruceot" {rN+ Str+2 Int+4}
 53652 | Crypt:3  | Identified the ring "Keajavy" {rN+ Str+2}
 53652 | Crypt:3  | Identified the ring "Kebbaefe" {rN+ rCorr}
 53818 | Crypt:3  | Identified the +2 robe "Waatid" {rN++}
 53818 | Crypt:3  | Noticed Boris
 53829 | Crypt:3  | Killed Boris
 54271 | Crypt:3  | Identified the staff of Dismay {Will+ rCorr Conj Summ}
 54349 | Crypt:3  | Found a staircase to the Tomb.
 54657 | Depths:1 | Entered Level 1 of the Depths
 54657 | Depths:1 | Found a one-way gate to the infinite horrors of the Abyss.
 54685 | Depths:1 | Found a one-way gate leading to the halls of Pandemonium.
 54686 | Depths:1 | Found a one-way gateway to a ziggurat.
 54745 | Zig:1    | Entered Level 1 of a ziggurat
 54843 | Zig:2    | Entered Level 2 of a ziggurat
 54873 | Zig:3    | Entered Level 3 of a ziggurat
 54876 | Zig:3    | Noticed Lataog the pandemonium lord
 54908 | Zig:3    | Killed Lataog the pandemonium lord
 54909 | Zig:3    | Reached XP level 25. HP: 119/156 MP: 23/23
 54933 | Zig:3    | Identified the +5 short sword of Doom {elec, Int+2}
 54968 | Zig:3    | Acquired 818 gold pieces
 54973 | Zig:4    | Entered Level 4 of a ziggurat
 55035 | Zig:5    | Entered Level 5 of a ziggurat
 55115 | Zig:6    | Entered Level 6 of a ziggurat
 55121 | Zig:6    | Noticed Ruhuduihici the pandemonium lord
 55138 | Zig:6    | Killed Ruhuduihici the pandemonium lord
 55197 | Zig:6    | Identified the +2 ring mail "Rexziepn" {Will+ Str+5 Int-4}
 55200 | Zig:7    | Entered Level 7 of a ziggurat
 55345 | Zig:8    | Entered Level 8 of a ziggurat
 55372 | Zig:8    | Paralysed by accursed screaming for 2 turns
 55376 | Zig:8    | Paralysed by accursed screaming for 2 turns
 55397 | Zig:8    | Identified the +7 hand axe of Bespelled Gallantry {heavy,
                  | rPois rF++ Str-5 Int+2}
 55405 | Zig:8    | Identified the staff of Gomutso Kaeq {Will+ Summ Earth}
 55457 | Zig:9    | Entered Level 9 of a ziggurat
 55476 | Zig:9    | Reached skill level 24 in Fighting
 55526 | Zig:9    | Identified the +0 leather armour "Hinnos" {rC+++ Will-
                  | Regen+ SInv}
 55610 | Zig:10   | Entered Level 10 of a ziggurat
 55621 | Zig:10   | Noticed Muotoss the pandemonium lord
 55644 | Zig:10   | HP: 4/222 [Tzitzimitl/bolt of negative energy (9)]
 55650 | Zig:10   | HP: 2/148 [demonspawn warmonger/+4 great mace of draining
                  | (6)]
 55652 | Zig:10   | Killed from afar by a blizzard demon

Illustrated notes

Levels and vault maps discovered:
D:1:      heliophobic_arrival_battle_scene, layout_basic
D:2:      layout_loops_ring, dreamdust_ecumenical_altar_drowned_temple,
          minmay_lizard_king
D:3:      layout_loops_corners, lemuel_blue_sif_altar,
          mainiacjoe_overflow_big_doors, portal_sewer_entry_a,
          serial_park_tiny_pond
D:4:      layout_loops_ring
D:5:      layout_loops_cross, minmay_misc_feat_roman, uniq_prince_ribbit1
D:6:      layout_cave_pools, minmay_temple_entry_crystal_x, uniq_menkaure
D:7:      layout_basic, uniq_maggie
D:8:      minmay_gate_of_8, layout_basic
D:9:      layout_grid_maze, overflow_temple_1_default,
          ploomutoo_gammafunk_ghost_potion_laboratory, chequers_big_river
D:10:     layout_basic, dpeg_oklobed_lair
D:11:     layout_roguey, orc_0_dummy, chequers_mini_garden, uniq_grum
D:12:     layout_roguey, ploomutoo_gammafunk_ghost_potion_laboratory,
          hangedman_decor_clover_reticule, uniq_fannar, uniq_josephine,
          uniq_maurice
D:13:     layout_loops_ring, portal_ice_cave_entry_pillars_1
D:14:     cheibrodos_ideogram_h, layout_loops_ring, hellmonk_vaults_keyhole,
          fedhas_altar_fruit_tree, grunt_ministairs_4
D:15:     hangedman_depths_entry_civil_slaughter, layout_loops_ring,
          nicolae_uskayaw_en_pointe, hellmonk_jugg_or_not
Lair:1:   gammafunk_cloud_chamber, layout_cave_pods, grunt_megastairs_4,
          lemuel_fruit_tree
Lair:2:   layout_concentric_octagons, alex1729_snake_entry_snake,
          gammafunk_ghost_grave, st_stairs_3, minivault_23, grunt_megastairs_1,
          infiniplex_staircase_pool, uniq_nergalle
Lair:3:   layout_long_grid, elwin_shoals_entry_rooms,
          hellmonk_ghost_happy_afterlife, serial_bayou_pond_b,
          nzn_masters_of_martial_movement, uniq_sonja, uniq_gastronok
Lair:4:   layout_cellular_growth, nicolae_slime_entry_field_trip
Lair:5:   grunt_lair_end_beastmaster, layout_regular_city
Shoals:1: layout_shoals, nicolae_shoals_water_elemental_grotto, uniq_frances
Shoals:2: layout_shoals
Shoals:3: layout_shoals, serial_shops, shop, uniq_polyphemus, uniq_mlioglotl
Shoals:4: shoals_end_hellmonk_lost_city, uniq_donald
Snake:1:  layout_chambers, uniq_asterion
Snake:2:  layout_basic, serial_bayou_lake_a
Snake:3:  layout_chambers, minmay_shoptagon
Snake:4:  grunt_snake_rune_serpentine_throne, layout_layer_cave,
          nicolae_snake_salamander_fort
Slime:1:  layout_caves, nicolae_slime_barrier
Slime:2:  layout_caves, cheibrodos_slime_lost_civilization_7
Slime:3:  layout_caves
Slime:4:  layout_caves, nicolae_slime_ancient_tower_intersection,
          nicolae_slime_phagocytosis
Slime:5:  slime_pit_nicolae_royal_road_to_ruin
Orc:1:    layout_caves, serial_shops, shop, nicolae_shop_clearance
Orc:2:    grunt_orc_tribal_feast, layout_caves, basic_altar,
          nicolae_alphabet_shops
Vaults:1: nicolae_vaults_network_periphery, vaults_dpeg_encased_lava, v_misc_27,
          vaults_room_semicircle, hangedman_vaults_slice,
          nicolae_vaults_variable_pillar_hall_cross, nicolae_vaults_asterisk,
          v_rooms_1, v_pattern_2, lightli_orcish_oven, ontoclasm_vaults_twist,
          ontoclasm_vaults_fault, nicolae_vaults_shelves_hall,
          layout_vaults_omnicross
Vaults:2: gammafunk_ghost_necromancy, nicolae_vaults_cornered_office,
          nicolae_vaults_network_s, minmay_crypt_entry_necro_gods, st_diamondy,
          nicolae_vaults_little_squares_1, v_misc_24, vaults_mumra_chevron,
          vaults_dpeg_ring, vaults_room_pools, hangedman_vaults_nails,
          nicolae_vaults_weapon_check, v_misc_27, layout_vaults_big_room
Vaults:3: nicolae_vaults_murder_corner, ontoclasm_vaults_spin,
          nicolae_vaults_little_squares_1, v_pattern_5, nicolae_vaults_prndl,
          nicolae_vaults_taking_the_gang_shopping, ontoclasm_vaults_bender,
          vaults_room_fancy_cross, nicolae_vaults_steering_wheel,
          dpeg_vaults_monster_box, hangedman_vaults_capsules, serial_ice_m,
          layout_vaults_maze_snakey, nicolae_trove_entry_columns, serial_shops,
          shop
Vaults:4: nicolae_vaults_mini_display_case, st_squares, vaults_room_door_hall,
          nicolae_vaults_mitosis, nicolae_vaults_what_the_h,
          nicolae_vaults_shrinking_rooms_1, not_door_vault_mu,
          hangedman_vaults_slice, nicolae_vaults_diamond_2,
          nicolae_vaults_cochlea, ontoclasm_vaults_decontamination,
          layout_vaults_omnigrid
Vaults:5
Crypt:1:  layout_gridlike
Crypt:2:  layout_catacombs, minmay_misc_feat_columns, grunt_megastairs_3
Crypt:3:  cryptofortress_bobbens, uniq_boris, uniq_margery
Depths:1: layout_honeycomb, enter_ziggurat_b, abyss_entry,
          rand_demon_pan_entry_5, hangedman_coc_ice_floe, patterned_corridor,
          chequers_serial_rivers_room_a, evilmike_minifort
Zig:10

Skill      XL: |  1  2  3  4  5  6  7  8  9 10 11 12 13 14 15 16 17 18 19 20 21 22 23 24 25 |
---------------+----------------------------------------------------------------------------+-----
Axes           | 3 4 5 6 7 9 10 12 13 15 16 17 18 19 20 21 22 | 22.4
Fighting       | 4 5 7 8 10 11 12 14 15 16 17 18 19 20 21 22 23 24 | 24.1
Dodging        | 2 3 4 5 6 7 8 9 10 11 | 11.0
Stealth        | 1 2 3 4 5 6 7 8 |  8.0
Armour         | 3 4 6 7 8 9 10 11 12 13 14 15 16 17 | 17.0
Polearms       | 1 2 3 |  3.8
Shields        | 4 8 9 11 14 15 17 19 21 22 23 | 23.0
Throwing       | |  0.5
Unarmed Combat | |  0.1

Action                     |  1- 3 |  4- 6 |  7- 9 | 10-12 | 13-15 | 16-18 | 19-21 | 22-24 | 25-27 || total
---------------------------+-------+-------+-------+-------+-------+-------+-------+-------+-------++-------
  Melee: Hand axe          |    66 |   177 |       |       |    17 |       |       |       |       ||   260
         War axe           |       |    42 |   263 |   440 |  1011 |   985 |  1235 |  1262 |       ||  5238
         Trident           |       |       |       |    11 |    25 |    18 |       |       |       ||    54
         Broad axe         |       |       |       |       |       |       |       |   716 |   146 ||   862
         Unarmed           |       |       |       |       |       |       |       |    11 |       ||    11
  Throw: Throwing net      |       |       |     1 |       |       |       |       |       |       ||     1
         Dart              |       |       |       |     3 |     1 |       |       |       |       ||     4
 Invoke: Berserk           |     1 |     6 |     8 |    10 |    15 |    15 |    12 |    22 |     7 ||    96
         Trog's Hand       |       |     3 |     2 |     9 |     7 |     7 |     9 |     5 |     5 ||    47
         Brothers in Arms  |       |       |       |     3 |     4 |     2 |     6 |     5 |     7 ||    27
    Use: Scroll            |     1 |     8 |     2 |     9 |     7 |     3 |    12 |     8 |     3 ||    53
         Potion            |       |     2 |       |       |       |     8 |     1 |       |     2 ||    13
   Stab: Sleeping          |       |     3 |       |       |       |     6 |    20 |       |       ||    29
         Distracted        |       |       |       |     2 |       |     1 |       |     1 |     1 ||     5
         Petrifying        |       |       |       |       |     3 |       |       |       |       ||     3
         Petrified         |       |       |       |       |       |     4 |       |       |       ||     4
 Armour: Animal skin       |    50 |   135 |       |       |       |       |       |       |       ||   185
         Scale mail        |       |    36 |   231 |   521 |   965 |   781 |   560 |       |       ||  3094
         Crystal plate arm |       |       |       |       |       |       |   389 |  1364 |   216 ||  1969
         Skin              |       |       |       |       |       |       |       |    22 |       ||    22
  Dodge: Dodged            |    55 |   190 |   165 |   328 |   671 |   420 |   649 |   667 |    86 ||  3231
  Block: Kite shield       |       |       |       |       |   118 |   793 |  1550 |  2448 |   228 ||  5137
         Reflection        |       |       |       |       |       |    19 |   134 |   123 |     4 ||   280

Table legend: (Time is in decaauts)
 A = Elapsed time spent in this place.
 B = Non-inter-level travel time spent in this place.
 C = Inter-level travel time spent in this place.
 D = Time resting spent in this place.
 E = Time spent auto-exploring this place.
 F = Levels seen in this place.
 G = Mean time per level.
                   A        B        C        D        E       F      G
               +--------+--------+--------+--------+--------+-----+--------+
         Total |  55238 |  50937 |   4301 |   6728 |  30977 |  56 |  986.4 |
       Dungeon |  16542 |  14966 |   1576 |   1067 |  10253 |  15 | 1102.8 |
          Lair |   8574 |   7471 |   1103 |    549 |   5358 |   5 | 1714.8 |
        Shoals |   3272 |   3102 |    170 |     30 |   2049 |   4 |  818.0 |
     Snake Pit |   5307 |   5036 |    271 |    120 |   3543 |   4 | 1326.8 |
    Slime Pits |   4096 |   3950 |    146 |    722 |   2063 |   5 |  819.2 |
  Orcish Mines |   1201 |   1135 |     66 |    153 |    660 |   2 |  600.5 |
        Vaults |  11157 |  10333 |    824 |   3399 |   4566 |   5 | 2231.4 |
         Crypt |   3234 |   3092 |    142 |    227 |   1939 |   3 | 1078.0 |
        Depths |     78 |     78 |      0 |      0 |     24 |   1 |   78.0 |
      Ziggurat |    905 |    905 |      0 |    317 |     97 |  10 |   90.5 |
         Sewer |     71 |     71 |      0 |      0 |      0 |   1 |   71.0 |
      Ice Cave |    796 |    796 |      0 |    142 |    422 |   1 |  796.0 |
               +--------+--------+--------+--------+--------+-----+--------+

Top non-repeatable levels by time:
Vaults:4: 4655 daAuts
     D:9: 2370 daAuts
Vaults:1: 2089 daAuts
  Lair:5: 1905 daAuts
  Lair:1: 1831 daAuts
  Lair:2: 1820 daAuts
  Lair:4: 1709 daAuts
    D:14: 1705 daAuts
Vaults:2: 1514 daAuts
Vaults:3: 1505 daAuts
 Snake:4: 1472 daAuts
 Snake:1: 1421 daAuts
Vaults:5: 1392 daAuts
    D:12: 1379 daAuts
 Snake:3: 1315 daAuts
